 Dungeon Crawl Stone Soup version 0.29-a0-275-g389c0b56f3 (webtiles) character file.

Game seed: 4643675669913592142

51 spaghetti the Conjurer (level 3, 0/21 HPs)
             Began as a Demonspawn Conjurer on Mar 12, 2022.
             Slain by a gnoll
             ... wielding a +1 flail of protection
              (10 damage)
             ... on level 2 of the Dungeon.
             The game lasted 00:03:25 (1886 turns).

spaghetti the Conjurer (Demonspawn Conjurer)        Turns: 1886, Time: 00:03:26

Health: 0/21       AC:  3    Str: 13    XL:     3   Next: 58%
Magic:  6/8        EV: 12    Int: 21    God:
Gold:   40         SH:  0    Dex: 11    Spells: 8/9 levels left

rFire   + . .      SeeInvis .   d - +1 spear (vamp) {polearm}
rCold   + . .      Faith    .   (no shield)
rNeg    . . .      Spirit   .   a - +0 robe
rPois   +          Reflect  .   (no helmet)
rElec   +          Harm     .   (no cloak)
rCorr   +          Rampage  .   h - +0 pair of gloves
Will    .....                   (no boots)
Stlth   ++........              (no amulet)
HPRegen 0.07/turn               e - +6 ring of strength
MPRegen 0.11/turn               (no ring)

@: resistant, weak-willed, invisible
A: powered by pain 2, frail 1, poison resistance, MP-powered wands
a: no special abilities


You were on level 2 of the Dungeon.
You visited 1 branch of the dungeon, and saw 2 of its levels.

You collected 40 gold pieces.


Innate Abilities, Weirdness & Mutations

You sometimes gain power by taking damage.
You are frail. (-10% HP)
Your system is resistant to poisons. (rPois)
You expend magic power (3 MP) to strengthen your wands.


   Skills:
 - Level 1.7 Dodging
 - Level 1.7 Stealth
 + Level 3.8 Spellcasting
 - Level 4.0 Conjurations


You had 8 spell levels left.
You knew the following spells:

 Your Spells              Type           Power      Damage    Failure   Level
a - Magic Dart            Conj           80%        1d7       2%          1

Your spell library contained the following spells:

 Spells                   Type           Power      Damage    Failure   Level
 Searing Ray              Conj           40%        2d5       3%          2
 Summon Small Mammal      Summ           12%        N/A       12%         1
 Dazzling Flash           Conj/Hex       24%        N/A       16%         3
 Call Canine Familiar     Summ           3%         N/A       36%         3
 Summon Guardian Golem    Hex/Summ       3%         N/A       36%         3
 Fulminant Prism          Conj/Hex       6%         3d7       47%         4
 Iskenderun's Mystic Bla  Conj/Tloc      12%        2d5       47%         4

Inventory:

Hand Weapons
 c - a +0 short sword {short}
   (You found it on level 1 of the Dungeon)
 d - a +1 vampiric spear (weapon) {polearm}
   (You found it on level 1 of the Dungeon)
Missiles
 j - 26 stones {throwing}
 l - 3 silver boomerangs {throwing}
Armour
 a - a +0 robe (worn)
 h - a +0 pair of gloves (worn)
   (You found it on level 1 of the Dungeon)
Jewellery
 e - a +6 ring of strength (left hand)
   (You found it on level 1 of the Dungeon)
Scrolls
 g - a scroll of fog {unknown}
 m - a scroll of noise {unknown}
Potions
 b - a potion of magic

Dungeon Overview and Level Annotations

Branches:
Dungeon (2/15)

Altars:

Shops:
D:1 =!?!

#..##.....#........
#. #.....##.)###...
#. ##........###.##
#..#..#.#.#.......#
#..##.#####........
#............###.##
#.##..##...#.# ....
#K####.##.###..##
#.##
#....$.@.......#
#.####g######....
#g #.##. wg ... ..
##. #.# .. .. #.#
..# #. .. . .. ##


You could see 3 gnolls, a dart slug (wandering, can't see you) and a kobold
(wandering, can't see you).


Message History

Magic quickly surges around you.
It was a scroll of vulnerability.
You reach to attack!
You hit the dart slug but do no damage. You hit the dart slug.
The dart slug bites you. 😕 HP[-1]
You take 1 damage, and now have 23/24 hp.
You hit the dart slug.
You feel better.
You kill the dart slug! 😎 HP[+1]
Your hp is fully restored (24).
No target in view!
No target in view!
A gnoll comes into view. It is wielding a +0 halberd.
You see here a pink potion.
A gnoll is nearby!
The magic dart hits the gnoll.
The gnoll shouts!
You hear a shout! x2
A gnoll comes into view. It is wielding a +0 flail.
A gnoll comes into view.
It is wielding a +1 flail of protection. 😎 MP[-1]
You lost 1 mp, and now have 7/8 mp.
The magic dart hits the gnoll but does no damage. 😎 MP[-1]
You lost 1 mp, and now have 6/8 mp.
The magic dart hits the gnoll. 😎 MP[-1]
You lost 1 mp, and now have 5/8 mp.
The magic dart hits the gnoll. 😎 MP[-1]
You lost 1 mp, and now have 4/8 mp.
You reach to attack!
You closely miss the gnoll.
The gnoll hits you from afar with a +0 halberd! 😮 HP[-7]
You take 7 damage, and now have 17/24 hp.
MASSIVE DAMAGE!! (PAUSE)
You aren't carrying any items that you can evoke.
It was a potion of invisibility.
You fade into invisibility!
The gnoll hits you from afar with a +0 halberd.
* * * LOW HITPOINT WARNING * * *
😨 HP[-5]
You take 5 damage, and now have 12/24 hp.
MASSIVE DAMAGE!! (PAUSE) Reach: d) +1 spear (vamp) {polearm}
Press: ? - help, Dir - move target, f/p - gnoll
Aim: a gnoll, wielding a +0 halberd (almost dead, can't see you, about 37% to evade your +1 vampiric spear)
You reach to attack!
You hit the gnoll.
Reach: d) +1 spear (vamp) {polearm}
Press: ? - help, Dir - move target, f - gnoll, p - gnoll
Aim: a gnoll, wielding a +1 flail of protection (can't see you, about 37% to evade your +1 vampiric spear)
You reach to attack!
You hit the gnoll.
You feel better.
A gnoll comes into view.
It is wielding a +0 halberd. 😮 HP[+1] Reach: d) +1 spear (vamp) {polearm}
Press: ? - help, Dir - move target, f/p - gnoll
Aim: a gnoll, wielding a +1 flail of protection (moderately wounded, can't see you, about 37% to evade your +1 vampiric spear)
You reach to attack!
You hit the gnoll.
You feel better. 😮 HP[+3] MP[+1]
You regained 3 hp, and now have 16/24 hp.
Reach: d) +1 spear (vamp) {polearm}
Press: ? - help, Dir - move target, f/p - gnoll
Aim: a gnoll, wielding a +1 flail of protection (heavily wounded, can't see you, about 37% to evade your +1 vampiric spear)
You hit the gnoll but do no damage. The gnoll closely misses you.
You closely miss the gnoll.
The gnoll hits you with a +1 flail of protection.
The gnoll closely misses you. 😮 HP[-1]
You take 1 damage, and now have 15/24 hp.
You barely miss the gnoll. The gnoll barely misses you.
You barely miss the gnoll. The gnoll barely misses you.
You hit the gnoll but do no damage.
The gnoll hits you with a +1 flail of protection.
* * * LOW HITPOINT WARNING * * *
😨 HP[-4]
You take 4 damage, and now have 11/24 hp.
You hit the gnoll but do no damage. The gnoll completely misses you.
You hit the gnoll but do no damage.
The gnoll shouts!
The gnoll hits you with a +1 flail of protection!
* * * LOW HITPOINT WARNING * * *
😱 HP[-9]
You take 9 damage, and now have 2/24 hp.
MASSIVE DAMAGE!! (PAUSE)
Okay, then.
Okay, then.
It was a potion of curing.
You feel better.
The gnoll barely misses you. 😨 HP[+8] MP[+1]
You regained 8 hp, and now have 10/24 hp.
It was a potion of resistance.
You feel protected.
The gnoll shouts!
It was a potion of mutation.
You feel extremely strange.
You feel your magical essence link to the dungeon's wands.
You feel frail.
You feel resistant to poisons.
A dart slug comes into view.
A kobold comes into view. It is wielding a +0 short sword.
You now have 21 max hp (-3).
The kobold shouts!
You hit the gnoll but do no damage.
The gnoll hits you with a +1 flail of protection!
You die...

Skill      XL: |  1  2 |
---------------+-------+-----
Spellcasting   | 3 |  3.8
Dodging        | |  1.7
Stealth        | |  1.7
Conjurations   | |  4.0

Action                   || total
-------------------------++-------
Melee: Spear             ||    67
 Cast: Magic Dart        ||    43
  Use: Scroll            ||     2
       Potion            ||     4
 Stab: Sleeping          ||     1
Armor: Robe              ||     7
Dodge: Dodged            ||    35

Levels and vault maps discovered:
D:1:      lemuel_arrival_tunnels, layout_basic, serial_shops, shop,
          nicolae_diamond_shop, nicolae_shop_behind_doors, shop,
          dreamdust_ecumenical_altar_grove
D:2:      layout_basic, minmay_octomino_e4, uniq_crazy_yiuf_cottage

Notes
Turn   | Place    | Note
-------+----------+-------------------------------------------
     0 | D:1      | spaghetti the Demonspawn Conjurer began the quest for the
                  | Orb.
     0 | D:1      | Reached XP level 1. HP: 13/13 MP: 3/3
     0 | D:1      | magus.rc [v1.9.6]
    67 | D:1      | Found Ammurgh's Jewellery Shop.
    73 | D:1      | Found a faded altar of an unknown god.
   149 | D:1      | You pick up a book of Callings and begin reading...
   149 | D:1      | You add the spells Summon Small Mammal, Call Canine
                  | Familiar and Summon Guardian Golem to your library.
   245 | D:1      | Gained mutation: You sometimes gain a little power by
                  | taking damage. [demonic ancestry]
   245 | D:1      | Reached XP level 2. HP: 19/19 MP: 2/5
   725 | D:1      | Reached skill level 3 in Spellcasting
   991 | D:1      | Found Zuarihy's Magic Scroll Emporium.
  1020 | D:1      | Found Focauph's Distillery.
  1033 | D:1      | Found Kuixtuewung's Distillery.
  1609 | D:2      | Gained mutation: You sometimes gain power by taking damage.
                  | [demonic ancestry]
  1609 | D:2      | Reached XP level 3. HP: 17/24 MP: 5/7
  1882 | D:2      | HP: 2/24 [gnoll/+1 flail of protection (10)]
  1885 | D:2      | Gained mutation: You expend magic power (3 MP) to
                  | strengthen your wands. [potion of mutation]
  1885 | D:2      | Gained mutation: You are frail. (-10% HP) [potion of
                  | mutation]
  1885 | D:2      | Gained mutation: Your system is resistant to poisons.
                  | (rPois) [potion of mutation]
  1886 | D:2      | Slain by a gnoll

Vanquished Creatures
  2 adders (D:2)
  2 dart slugs
  A ball python (D:1)
  3 endoplasms
  A giant cockroach (D:1)
  A goblin (D:1)
  6 hobgoblins
  2 kobolds
  A quokka (D:2)
  6 bats
25 creatures vanquished.

Vanquished Creatures (others)
  A fungus (D:1)
1 creature vanquished.

Grand Total: 26 creatures vanquished

Table legend:
 A = Non-vault XP
 B = Vault XP
 C = Vault XP percentage of total XP
 D = Non-vault monster count
 E = Vault monster count
 F = Vault count percentage of total count
                 A         B        C        D         E       F
            +---------+---------+-------+---------+---------+-------
      Total |      70 |       4 |   5.4 |      23 |       2 |   8.0
            +---------+---------+-------+---------+---------+-------
        D:1 |      29 |       0 |   0.0 |      14 |       0 |   0.0
        D:2 |      41 |       4 |   8.9 |       9 |       2 |  18.2
            +---------+---------+-------+---------+---------+-------

Illustrated notes

Table legend:
 A = Kills in this place as a percentage of kills in entire the game.
 B = Kills by you in this place as a percentage of kills by you in the entire game.
 C = Kills by friends in this place as a percentage of kills by friends in the entire game.
 D = Other kills in this place as a percentage of other kills in the entire game.
 E = Experience gained in this place as a percentage of experience gained in the entire game.
 F = Experience gained in this place divided by the number of levels of this place that you have seen.
                   A       B       C       D       E      F
               +-------+-------+-------+-------+-------+----------------------
         Total | 100.0 | 100.0 |   N/A |   N/A | 100.0 |  37.0
       Dungeon | 100.0 | 100.0 |   N/A |   N/A | 100.0 |  37.0
               +-------+-------+-------+-------+-------+----------------------

Table legend: (Time is in decaauts)
 A = Elapsed time spent in this place.
 B = Non-inter-level travel time spent in this place.
 C = Inter-level travel time spent in this place.
 D = Time resting spent in this place.
 E = Time spent auto-exploring this place.
 F = Levels seen in this place.
 G = Mean time per level.
                   A        B        C        D        E       F      G
               +--------+--------+--------+--------+--------+-----+--------+
         Total |   1890 |   1795 |     95 |     35 |   1559 |   2 |  945.0 |
       Dungeon |   1890 |   1795 |     95 |     35 |   1559 |   2 |  945.0 |
               +--------+--------+--------+--------+--------+-----+--------+

Top non-repeatable levels by time:
     D:1: 1496 daAuts
     D:2: 394 daAuts
